 Dungeon Crawl Stone Soup version 0.28-b1-25-g9875b3fc8c (webtiles) character file.

Game seed: 9425213433459216668

60 guess the Cudgeller (level 3, -1/34 HPs)
             Began as a Minotaur Berserker on Feb 3, 2022.
             Was a Believer of Trog.
             Slain by a hound (5 damage)
             ... on level 3 of the Dungeon.
             The game lasted 00:03:21 (1588 turns).

guess the Cudgeller (Minotaur Berserker)            Turns: 1588, Time: 00:03:22

Health: -1/34      AC:  2    Str: 23    XL:     3   Next: 82%
Magic:  2/2        EV: 12    Int:  4    God:    Trog [**....]
Gold:   78         SH:  0    Dex: 11    Spells: 2/2 levels left

rFire   . . .      SeeInvis .   a - +0 mace
rCold   . . .      Faith    .   (no shield)
rNeg    . . .      Spirit   .   b - +0 animal skin
rPois   .          Reflect  .   (helmet restricted)
rElec   .          Harm     .   (no cloak)
rCorr   .          Rampage  .   (no gloves)
Will    .....                   (no boots)
Stlth   ++........              (no amulet)
HPRegen 0.11/turn               (no ring)
MPRegen 0.08/turn               (no ring)

@: no status effects
A: horns 2, retaliatory headbutt, thin skeletal structure 1
a: Renounce Religion, Berserk, Trog's Hand


You were on level 3 of the Dungeon.
You worshipped Trog.
Trog was pleased with you.
You visited 1 branch of the dungeon, and saw 3 of its levels.

You collected 78 gold pieces.

Inventory:

Hand Weapons
 a - a +0 mace (weapon)
Armour
 b - a +0 animal skin (worn)
Scrolls
 d - a scroll of identify {unknown}
 e - a scroll of brand weapon {unknown}
 f - a scroll of immolation {unknown}
 h - 2 scrolls of magic mapping {unknown}
 i - a scroll of fear {unknown}
 j - a scroll of fog {unknown}


   Skills:
 + Level 4.3 Fighting
 + Level 4.8 Maces & Flails
 + Level 2.6 Armour
 + Level 2.5 Dodging
 + Level 0.3 Stealth


You had 2 spell levels left.
You didn't know any spells.
Your spell library contained the following spells:

 Spells                   Type           Power      Damage    Failure   Level
 Animate Skeleton         Necr           0%         N/A       50%         1
 Apportation              Tloc           0%         N/A       50%         1
 Summon Small Mammal      Summ           0%         N/A       50%         1


Dungeon Overview and Level Annotations

Branches:
Dungeon (2/15)

Altars:


Innate Abilities, Weirdness & Mutations

You have a pair of horns on your head.
You reflexively headbutt those who attack you in melee.
You have a somewhat thin skeletal structure. (Dex +2, Stealth+)


Message History

The bat hits the plant.
The bat hits something.
The bat barely misses you. You furiously retaliate!
You headbutt the bat!
You kill the bat!
Trog accepts your kill.
The bat hits something.
The rat bites the plant.
The bat hits the plant. x3; The plant begins to die.
The endoplasm quivers.
You hit the hound but do no damage. The hound bites you.
The hound bites you but does no damage.
You hit the iguana.
The iguana is moderately wounded.
A nearby plant withers and dies.
The bat closely misses you. The hound bites you. The iguana bites you.
The hound bites you but does no damage.
You hit the iguana.
The iguana is severely wounded.
A nearby plant withers and dies.
The bat barely misses you. You furiously retaliate!
You headbutt the bat!
You kill the bat!
Trog accepts your kill. The iguana barely misses you.
The hound completely misses you.
You sock the rat!
You kill the rat!
Trog accepts your kill.
A nearby plant withers and dies.
The hound closely misses you. You furiously retaliate!
You headbutt the hound! The iguana closely misses you. The hound bites you.
The iguana bites you! The endoplasm freezes you.
You are frozen.
* * * LOW HITPOINT WARNING * * *
The hound bites you.
* * * LOW HITPOINT WARNING * * *
You see here a rat corpse.
The hound bites you.
* * * LOW HITPOINT WARNING * * *
The hound misses you. The hound misses you.
Found 21 stones.
The hound bites you.
You die...

# #. #.## ...####
#####+#### #....#
#......(.# #....#
#......... ####....#
#.........
......†.#####.........
.......†..Jl.h@...#
........########..#
....$...# .# ....≈.###
# ...≈≈≈ ###≈.≈ #≈≈≈
#..


You could see an iguana, a hound and an endoplasm.

Vanquished Creatures
  2 dart slugs (D:1)
  2 endoplasms
  A giant cockroach (D:1)
  6 hobgoblins
  12 jackals
  A quokka (D:1)
  5 ball pythons
  8 bats
  3 frilled lizards
  3 goblins
  3 kobolds
  3 rats
49 creatures vanquished.

Vanquished Creatures (others)
  3 plants (D:3)
3 creatures vanquished.

Grand Total: 52 creatures vanquished

Notes
Turn   | Place    | Note
-------+----------+-------------------------------------------
     0 | D:1      | guess the Minotaur Berserker began the quest for the Orb.
     0 | D:1      | Reached XP level 1. HP: 19/19 MP: 0/0
   175 | D:1      | Reached XP level 2. HP: 26/27 MP: 1/1
   839 | D:1      | Reached XP level 3. HP: 25/33 MP: 2/2
   954 | D:1      | Reached ** piety under Trog
  1116 | D:2      | Gained mutation: You have a somewhat thin skeletal
                  | structure. (Dex +2, Stealth+) [potion of mutation]
  1266 | D:2      | Found a faded altar of an unknown god.
  1572 | D:2      | You fall into a shaft and drop 1 floor!
  1588 | D:3      | Slain by a hound

Illustrated notes

Levels and vault maps discovered:
D:1:      dpeg_arrival_simpleton_b, layout_basic
D:2:      layout_basic, basic_ecumenical_altar
D:3:      layout_basic, serial_bayou_pond_e

Skill      XL: |  1  2 |
---------------+-------+-----
Maces & Flails | 4 |  4.8
Fighting       | 4 |  4.3
Armour         | |  2.6
Dodging        | |  2.5
Stealth        | |  0.3

Action                   || total
-------------------------++-------
Melee: Mace              ||    90
       Headbutt          ||     7
       Punch             ||     1
  Use: Potion            ||     6
 Stab: Sleeping          ||     4
Armor: Animal skin       ||    15
Dodge: Dodged            ||    85
